Map: Rhoskallian LE

Players

RustyBucket

  • Race: Zerg Zerg
  • League: Diamond
  • Spawn Location: 5:00

Thunderjack

  • Race: Protoss Protoss
  • League: Platinum
  • Spawn Location: 6:00

SandHour

  • Race: Terran Terran
  • League: Platinum
  • Spawn Location: 11:00

Youaresmelly

  • Race: Protoss Protoss
  • League: Diamond
  • Spawn Location: 12:00

VOD

Have the link to the VOD?

Description

Time

  • Played on: June 2, 2023, 5:53 a.m.
  • Length: 11:01
Show
View Real Time Build Order
Export as new Build Order

RustyBucket Zerg 

Build Orders: Hatch First 

Get SALT Encoding   

  12  0:00  Drone  
  13  0:13  Drone  
  14  0:17  Overlord  
  14  0:36  Drone x3  
  17  1:01  Hatchery  
  17  1:02  Extractor  
  15  1:12  Drone x3  
  18  1:21  Spawning Pool  
  17  1:27  Drone  
  18  1:34  Drone  
  19  1:45  Drone  
  20  1:55  Overlord  
  20  2:09  Drone  
  20  2:13  Queen x2  
  20  2:14  Metabolic Boost  
  25  2:17  Zergling x2  
  25  2:20  Zergling x2  
  27  2:26  Drone  
  27  2:28  Drone  
  29  2:42  Drone x2  
  31  2:48  Drone, Extractor  
  31  2:54  Lair  
  31  2:58  Drone x2  
  33  3:01  Drone  
  34  3:07  Drone, Extractor  
  33  3:18  Zergling x4  
  35  3:21  Drone  
  36  3:27  Overlord  
  35  3:35  Spine Crawler  
  34  3:42  Zergling x4  
  34  3:43  Overlord  
  34  3:44  Overlord  
  34  3:48  Queen  
  36  3:51  Drone x2  
  36  3:55  Drone  
  41  3:57  Drone  
  42  4:04  Spire  
  41  4:11  Drone x2  
  43  4:17  Baneling Nest  
  43  4:22  Drone x2  
  44  4:30  Drone x2  
  46  4:36  Drone  
  47  4:39  Overlord  
  46  5:18  Mutalisk  
  46  5:19  Mutalisk x5  
  58  5:22  Zergling x2  
  58  5:23  Zergling x6  
  62  5:28  Spore Crawler  
  62  5:32  Spore Crawler  
  60  5:55  Centrifugal Hooks  
  60  6:00  Drone  
  60  6:01  Drone x5  
  66  6:08  Zergling x2  
  58  6:41  Zergling x2  
  58  6:42  Zergling x2  
  58  7:09  Mutalisk  
  58  7:11  Overlord x2  
  58  7:12  Overlord  
  58  7:23  Mutalisk  
  58  7:24  Overlord x2  
  58  7:25  Overlord  
  60  7:36  Hatchery  
  59  7:43  Zergling x8  
  63  7:55  Zergling x6  
  66  8:05  Hatchery  
  65  8:07  Overlord x2  
  65  8:14  Baneling  
  65  8:15  Baneling x6  
  65  8:20  Evolution Chamber  
  65  8:21  Drone  
  65  8:22  Drone, Evolution Chamber  
  65  8:25  Extractor  
  63  8:48  Zergling x16  
  58  9:27  Mutalisk x3  
  58  9:28  Mutalisk x3  
  64  9:45  Hatchery  
  64  9:47  Zergling x4  
  64  9:51  Zergling x2  
  64  9:52  Zergling x8  
  64  10:10  Infestation Pit, Zergling x12  
  69  10:18  Hatchery  
  68  10:25  Zergling x2  
  68  10:26  Zergling x6  
  72  10:32  Baneling  
  72  10:33  Baneling x4  
  72  10:34  Baneling x5  
  72  10:36  Zergling x12  
  72  10:41  Zergling x2  
Show
View Real Time Build Order
Export as new Build Order

Thunderjack Protoss 

Build Orders:  

Get SALT Encoding   

  12  0:00  Probe  
  13  0:12  Probe  
  14  0:18  Pylon  
  14  0:24  Probe  
  15  0:36  Probe  
  15  0:41  Gateway  
  16  0:46  Assimilator  
  16  0:49  Probe  
  17  1:01  Probe  
  18  1:22  Probe  
  19  1:31  Cybernetics Core  
  19  1:34  Probe  
  19  1:37  Assimilator  
  20  1:43  Assimilator  
  20  1:46  Probe  
  21  1:58  Probe  
  22  2:02  Nexus  
  22  2:08  Pylon  
  22  2:10  Probe  
  22  2:13  Warp Gate (Chrono Boost)  
  23  2:26  Adept  
  23  2:27  Shield Battery  
  25  2:33  Probe  
  26  2:40  Gateway  
  26  3:01  Pylon  
  26  3:06  Gateway  
  26  3:12  Robotics Facility  
  26  3:16  Probe x2  
  28  3:28  Probe  
  28  3:29  Probe  
  30  3:40  Probe  
  30  3:41  Twilight Council, Probe  
  32  3:43  Gateway  
  32  3:53  Probe x2  
  34  3:59  Stalker  
  34  4:01  Stalker  
  38  4:05  Observer  
  39  4:18  Blink  
  39  4:22  Stalker  
  39  4:23  Stalker  
  43  4:29  Probe x2  
  45  4:41  Probe x2  
  47  4:46  Immortal  
  51  4:53  Pylon, Probe  
  51  4:54  Probe  
  53  5:01  Pylon  
  43  5:53  Probe x2  
  43  5:56  Stalker x4  
  53  6:05  Probe x2, Shield Battery  
  55  6:17  Gateway  
  55  6:18  Gateway  
  55  6:28  Stalker x4  
  51  7:07  Probe x2  
  48  7:10  Warp Prism  
  50  7:19  Probe x2  
  52  7:31  Probe  
  52  7:32  Probe  
  52  7:37  Assimilator  
  54  7:38  Nexus  
  54  7:41  Pylon  
  54  7:42  Assimilator  
  54  7:43  Probe  
  55  7:46  Pylon, Immortal  
  59  7:59  Probe  
  59  8:02  Stalker x4  
  68  8:25  Immortal  
  68  8:26  Templar Archives  
  72  8:30  Pylon  
  72  8:33  Pylon  
  72  8:44  Stalker  
  72  8:45  Stalker x2  
  72  8:48  Forge  
  66  9:56  Stalker x6  
  68  10:25  Stalker x5  
  68  10:26  Stalker  
  60  10:57  Stalker x6  
Show
View Real Time Build Order
Export as new Build Order

SandHour Terran 

Build Orders:  

Get SALT Encoding   

  12  0:00  SCV  
  13  0:12  SCV  
  14  0:18  Supply Depot  
  14  0:24  SCV  
  15  0:39  SCV  
  15  0:40  Barracks  
  16  0:46  Refinery  
  16  0:52  SCV  
  17  1:11  SCV  
  19  1:26  Orbital Command  
  18  1:38  Supply Depot  
  18  1:41  Barracks Reactor  
  18  1:49  Command Center  
  18  1:53  SCV  
  19  2:05  SCV  
  20  2:15  Factory  
  20  2:17  Marine x2, SCV  
  23  2:25  Refinery  
  23  2:29  SCV  
  24  2:32  Supply Depot  
  24  2:35  Marine x2  
  26  2:52  SCV  
  26  2:53  Marine x2  
  29  3:00  Starport, Factory Tech Lab  
  29  3:04  SCV  
  30  3:11  Marine x2  
  32  3:16  SCV, Refinery  
  33  3:25  Orbital Command  
  33  3:28  Marine  
  33  3:29  Marine, SCV  
  36  3:37  Medivac  
  39  3:41  SCV  
  39  3:46  Marine x2  
  41  3:52  Bunker  
  41  3:53  SCV  
  41  3:55  Supply Depot  
  42  3:56  SCV  
  43  4:03  Siege Tank  
  43  4:05  SCV  
  43  4:07  Medivac  
  49  4:18  SCV x2  
  51  4:27  Supply Depot  
  51  4:30  SCV x2  
  53  4:33  Barracks  
  53  4:42  Refinery, SCV x2  
  53  4:44  Engineering Bay  
  55  4:48  Marine x2  
  57  4:54  SCV x2  
  59  5:05  Marine  
  59  5:06  Marine, SCV x2  
  62  5:21  SCV x2  
  62  5:23  Marine  
  65  5:29  Barracks  
  65  5:31  Barracks Tech Lab  
  65  5:33  SCV  
  66  5:52  SCV x2  
  66  5:56  Command Center  
  68  5:58  Barracks  
  68  5:59  Barracks  
  68  6:04  SCV  
  68  6:05  SCV  
  68  6:09  Starport Reactor  
  70  6:17  Supply Depot  
  70  6:18  Barracks Reactor  
  70  6:19  Supply Depot  
  70  6:20  Stimpack  
  70  6:23  Marine  
  70  6:35  Marine  
  70  6:38  Siege Tank  
  70  6:39  Marauder  
  75  6:41  Marine  
  66  6:52  Marine  
  66  6:53  Barracks Reactor  
  66  6:54  Barracks Reactor  
  61  6:58  Missile Turret  
  61  6:59  Terran Infantry Weapons Level 1  
  61  7:00  SCV, Marauder  
  61  7:01  SCV  
  65  7:02  Missile Turret  
  65  7:04  Marine  
  65  7:06  Viking  
  65  7:07  Viking  
  70  7:10  Marine, Siege Tank  
  70  7:13  SCV  
  75  7:21  Marauder  
  75  7:22  Marine  
  78  7:26  Supply Depot  
  78  7:28  Marine  
  79  7:36  Missile Turret, Viking  
  81  7:39  Armory  
  81  7:40  Marine  
  81  7:43  Marauder  
  84  7:46  Marine  
  85  7:57  Marine  
  85  7:58  Marine x4  
  88  8:00  Combat Shield  
  88  8:04  Marine, Marauder  
  93  8:15  Marine x2  
  93  8:16  Marine x3  
  93  8:17  Supply Depot  
  98  8:21  Marine  
  98  8:22  Supply Depot  
  98  8:23  Supply Depot  
  98  8:24  Supply Depot x2  
  98  8:25  Marine  
  98  8:27  SCV x2  
  101  8:33  Marine x2  
  102  8:43  Marauder  
  104  8:49  Marine  
  104  8:50  Marine x3  
  104  8:51  Marine x2  
  92  9:05  Marauder  
  92  9:07  Marine  
  92  9:08  Marine x2  
  92  9:09  Marine x2  
  87  9:10  Marine  
  75  9:25  Marine x3  
  75  9:26  Marauder  
  75  9:27  Marine x3  
  75  9:31  Siege Tank  
  86  9:32  Medivac x2  
  89  9:43  Marine x3  
  89  9:45  Marine x3  
  93  9:47  Marauder  
  97  10:00  Marine  
  97  10:01  Marine x2  
  97  10:02  Medivac x2  
  97  10:03  Siege Tank  
  107  10:09  Marauder  
  107  10:10  SCV x2  
  111  10:19  Planetary Fortress  
  111  10:22  SCV  
  111  10:25  SCV  
  113  10:30  Marauder  
  113  10:34  SCV  
  122  10:57  Refinery  
  118  10:59  Refinery  
Show
View Real Time Build Order
Export as new Build Order

Youaresmelly Protoss 

Build Orders:  

Get SALT Encoding   

  12  0:00  Probe  
  13  0:14  Pylon  
  13  0:18  Probe  
  14  0:30  Probe  
  14  0:35  Gateway  
  15  0:42  Probe  
  16  0:50  Assimilator  
  16  0:54  Probe  
  17  1:02  Gateway  
  17  1:10  Probe  
  18  1:22  Probe  
  19  1:27  Cybernetics Core  
  19  1:34  Probe  
  20  1:43  Zealot  
  20  1:46  Probe  
  23  1:47  Pylon  
  23  2:05  Probe  
  24  2:11  Warp Gate  
  24  2:15  Adept  
  26  2:17  Probe  
  26  2:21  Pylon  
  27  2:22  Adept  
  27  2:29  Probe  
  30  2:38  Nexus  
  30  2:43  Probe  
  31  2:49  Assimilator  
  31  2:55  Probe  
  32  3:01  Stalker  
  34  3:05  Stalker  
  36  3:14  Shield Battery  
  36  3:19  Probe  
  37  3:31  Probe  
  38  3:36  Pylon  
  38  3:38  Assimilator  
  38  3:43  Probe (Chrono Boost)  
  38  3:48  Twilight Council  
  39  3:50  Probe (Chrono Boost)  
  41  3:55  Probe (Chrono Boost)  
  41  4:01  Probe (Chrono Boost)  
  42  4:02  Adept  
  42  4:05  Sentry  
  42  4:08  Probe (Chrono Boost)  
  48  4:10  Probe (Chrono Boost)  
  49  4:17  Probe x2 (Chrono Boost)  
  50  4:24  Probe  
  50  4:25  Probe, Stalker  
  50  4:30  Stalker  
  56  4:37  Probe x2 (Chrono Boost)  
  58  4:40  Pylon  
  58  4:43  Gateway  
  58  4:49  Probe (Chrono Boost)  
  58  4:50  Probe (Chrono Boost)  
  60  4:57  Probe (Chrono Boost), Blink  
  60  4:59  Probe (Chrono Boost)  
  62  5:02  Assimilator  
  62  5:07  Pylon  
  62  5:10  Stalker  
  62  5:11  Stalker  
  66  5:16  Probe  
  67  5:29  Pylon  
  67  5:31  Nexus  
  67  5:38  Stalker x2  
  71  5:47  Probe  
  71  5:48  Probe  
  73  5:52  Pylon  
  73  5:54  Stalker  
  75  5:59  Forge  
  75  6:02  Gateway  
  73  6:21  Stalker x3  
  67  6:46  Stalker x3  
  51  7:12  Stalker x3  
  51  7:13  Probe (Chrono Boost)  
  51  7:14  Probe (Chrono Boost)  
  56  7:17  Probe (Chrono Boost)  
  57  7:25  Probe (Chrono Boost)  
  60  7:31  Probe (Chrono Boost)  
  60  7:33  Probe (Chrono Boost)  
  60  7:34  Probe (Chrono Boost)  
  61  7:40  Gateway  
  61  7:41  Protoss Ground Weapons Level 1  
  61  7:42  Gateway  
  61  7:44  Gateway  
  61  7:47  Photon Cannon  
  61  7:50  Robotics Facility  
  62  7:51  Probe (Chrono Boost)  
  62  7:52  Photon Cannon  
  62  7:53  Pylon  
  62  7:56  Probe x2 (Chrono Boost)  
  62  7:57  Stalker  
  62  7:58  Shield Battery  
  68  8:06  Probe x2 (Chrono Boost)  
  68  8:07  Photon Cannon, Probe (Chrono Boost)  
  69  8:15  Probe  
  69  8:16  Stalker  
  69  8:17  Stalker  
  74  8:20  Stalker  
  74  8:21  Probe x2  
  72  8:52  Stalker x3  
  78  8:56  Zealot  
  78  8:57  Zealot x2  
  74  9:27  Stalker  
  74  9:28  Stalker x6  
  74  9:30  Immortal  
  90  9:45  Probe x3  
  85  9:59  Stalker x5  
  85  10:00  Stalker x2  
  87  10:25  Stalker x5  
  87  10:26  Stalker x2  
  89  11:00  Stalker x2  
  89  11:01  Stalker x2  
Tags
 
Add a new tag
Caveats
  • Supply blocks, unpowered buildings, or Contaminate may cause inaccurate times.
  • Supply counts are checked every 10 seconds.